Map: Rhoskallian LE

Players

Maggi

  • Race: Terran Terran
  • Spawn Location: 5:00

Lester

  • Race: Zerg Zerg
  • Spawn Location: 6:00

Ekelpack

  • Race: Zerg Zerg
  • Spawn Location: 12:00

Nyck

  • Race: Terran Terran
  • Spawn Location: 11:00

VOD

Have the link to the VOD?

Description

Time

  • Played on: Dec. 18, 2024, 12:58 p.m.
  • Length: 9:33
Show
View Real Time Build Order
Export as new Build Order

Maggi Terran 

Build Orders: Gas First Reaper Expand 

Get SALT Encoding   

  12  0:00  SCV  
  13  0:12  SCV  
  14  0:18  Supply Depot  
  14  0:25  SCV  
  15  0:29  Refinery  
  15  0:40  SCV  
  16  0:46  Barracks  
  16  0:52  SCV  
  17  1:04  SCV  
  18  1:16  SCV  
  19  1:32  Orbital Command  
  19  1:33  Reaper  
  20  1:45  Command Center  
  20  1:56  Factory  
  20  1:59  SCV  
  21  2:06  Barracks Reactor  
  21  2:09  Supply Depot  
  21  2:13  SCV  
  22  2:17  Refinery  
  22  2:25  SCV  
  23  2:48  Factory Tech Lab  
  23  2:49  Marine x2  
  23  2:50  SCV  
  26  2:59  Orbital Command  
  26  3:04  SCV  
  27  3:12  Starport  
  29  3:17  SCV  
  28  3:26  SCV  
  29  3:29  SCV  
  29  3:32  Marine  
  31  3:36  Barracks  
  31  3:43  SCV  
  31  3:45  Siege Tank  
  31  3:47  SCV  
  36  3:50  Medivac  
  36  3:55  SCV  
  39  3:57  Supply Depot  
  39  3:58  Supply Depot  
  39  3:59  SCV  
  39  4:01  Marine  
  41  4:07  SCV  
  42  4:11  SCV  
  42  4:14  Command Center  
  43  4:19  SCV  
  43  4:23  SCV  
  46  4:31  SCV  
  46  4:36  SCV  
  46  4:37  Barracks Tech Lab  
  47  4:43  SCV  
  47  4:45  Marine x2  
  50  4:46  Siege Tank, Medivac  
  50  4:48  SCV  
  56  4:53  Supply Depot  
  56  4:59  SCV  
  57  5:01  Marine  
  57  5:02  SCV  
  57  5:03  Refinery  
  57  5:04  Refinery  
  57  5:05  Supply Depot  
  59  5:11  SCV, Marine x2  
  59  5:12  Stimpack  
  61  5:14  SCV  
  61  5:17  Engineering Bay x2, Barracks  
  61  5:19  Barracks  
  62  5:28  Orbital Command  
  62  5:33  Marine x2  
  62  5:34  Siege Tank  
  62  5:35  SCV  
  68  5:40  Medivac  
  70  5:45  Terran Infantry Weapons Level 1  
  70  5:46  SCV  
  70  5:47  SCV  
  72  5:51  Supply Depot, Terran Infantry Armor Level 1  
  72  5:52  Supply Depot  
  72  6:06  Barracks Reactor  
  72  6:07  Barracks Reactor  
  72  6:09  Marine x2  
  74  6:26  Siege Tank  
  74  6:27  SCV x2  
  74  6:31  Barracks  
  74  6:32  Barracks  
  79  6:33  Factory  
  79  6:38  Armory  
  79  6:39  SCV x2, Marine x2  
  83  6:40  Starport Reactor  
  83  6:41  Supply Depot x2  
  83  6:50  Marine  
  83  6:51  SCV x2, Marine x3  
  89  7:11  Marine x3  
  89  7:12  Marauder  
  94  7:19  SCV x2  
  94  7:20  Barracks Tech Lab, Factory Tech Lab, Barracks Reactor  
  94  7:31  Marine x3  
  94  7:32  Siege Tank, Marine  
  94  7:33  SCV x2, Marauder  
  94  7:34  Orbital Command  
  104  7:56  Combat Shield, Marine x2  
  104  7:57  Marine x7  
  104  7:58  Marine  
  112  8:00  Siege Tank  
  112  8:02  SCV x2  
  112  8:04  SCV  
  118  8:08  Command Center  
  117  8:14  SCV x2, Marine x3  
  117  8:17  SCV  
  123  8:21  Supply Depot x2  
  123  8:26  SCV x2  
  125  8:28  Marine x2  
  125  8:29  Marauder, Medivac  
  131  8:38  Marine x2  
  133  8:42  Marine x4  
  133  8:43  Marauder  
  133  8:44  Supply Depot  
  133  8:45  Supply Depot x2  
  139  8:50  Marine x2  
  139  8:51  Siege Tank, Marauder  
  146  8:56  Marine x2  
  146  8:58  SCV  
  146  9:01  Supply Depot  
  149  9:03  Supply Depot  
  149  9:05  Supply Depot, SCV, Marine x2  
  149  9:06  Marauder  
  149  9:09  Marine  
  155  9:10  Marine  
Show
View Real Time Build Order
Export as new Build Order

Lester Zerg 

Build Orders: Hatch First 

Get SALT Encoding   

  12  0:01  Drone  
  13  0:15  Overlord  
  13  0:18  Drone  
  14  0:33  Drone x2  
  16  0:43  Drone  
  17  0:52  Hatchery  
  17  0:56  Drone  
  17  0:59  Drone  
  18  1:11  Extractor  
  17  1:16  Spawning Pool  
  16  1:19  Drone  
  16  1:22  Drone  
  18  1:31  Drone  
  19  1:46  Drone  
  20  1:55  Drone  
  21  2:04  Queen x2  
  21  2:05  Zergling x4  
  27  2:14  Overlord  
  28  2:15  Drone  
  28  2:27  Overlord  
  28  2:47  Roach Warren  
  27  2:51  Drone x2  
  27  2:53  Extractor  
  27  2:54  Drone x3  
  27  2:56  Spine Crawler  
  30  2:58  Lair  
  30  2:59  Drone  
  30  3:05  Evolution Chamber  
  31  3:09  Drone  
  32  3:18  Drone x2  
  34  3:26  Drone x3  
  34  3:27  Drone x2  
  38  3:32  Zerg Missile Weapons Level 1  
  38  3:39  Queen  
  40  3:49  Drone x3  
  40  3:52  Extractor  
  40  3:53  Extractor  
  40  3:55  Drone x2  
  43  4:00  Glial Reconstitution  
  43  4:01  Drone  
  44  4:12  Overlord x3  
  44  4:16  Overseer  
  47  4:31  Roach x3  
  47  4:35  Roach  
  51  4:39  Roach  
  51  4:41  Overlord  
  53  4:48  Roach x2  
  57  4:56  Roach x3  
  57  4:59  Roach  
  64  5:02  Roach  
  64  5:05  Extractor  
  65  5:16  Roach x2  
  65  5:17  Roach x2  
  65  5:19  Drone x2  
  75  5:32  Overlord x2  
  75  5:40  Spine Crawler  
  74  5:43  Spine Crawler  
  74  5:44  Overlord  
  74  5:48  Zerg Missile Weapons Level 2  
  73  5:51  Ravager x2  
  73  5:52  Ravager  
  73  5:54  Overlord x3  
  76  6:03  Drone x2  
  76  6:04  Drone x2  
  80  6:06  Drone  
  81  6:13  Nydus Network  
  80  6:31  Roach  
  80  6:32  Roach x5  
  92  6:47  Hatchery  
  91  6:50  Nydus Canal  
  92  7:03  Drone x3  
  92  7:04  Roach x3  
  99  7:18  Nydus Canal  
  99  7:21  Hatchery, Roach x4  
  92  7:35  Drone x5  
  97  7:40  Nydus Canal  
  97  7:45  Drone  
  94  7:59  Nydus Canal  
  94  8:03  Drone x4  
  98  8:11  Drone  
  99  8:18  Drone  
  100  8:24  Drone  
  100  8:25  Drone x4  
  100  8:26  Drone x2  
  99  8:44  Roach x4  
  99  8:48  Hatchery  
  99  9:00  Extractor x2  
  99  9:01  Drone  
  99  9:02  Drone x4  
  102  9:03  Roach x3  
  102  9:08  Infestation Pit  
  102  9:09  Nydus Canal  
  107  9:11  Hatchery  
  114  9:32  Nydus Canal  
Show
View Real Time Build Order
Export as new Build Order

Ekelpack Zerg 

Build Orders: Hatch First 

Get SALT Encoding   

  12  0:00  Drone  
  13  0:10  Drone  
  14  0:24  Overlord  
  14  0:30  Extractor  
  14  0:31  Drone  
  15  0:48  Hatchery  
  14  0:50  Drone  
  15  0:59  Drone  
  16  1:08  Spawning Pool  
  15  1:13  Drone, Extractor  
  15  1:17  Drone  
  16  1:24  Drone  
  18  1:25  Drone  
  18  1:38  Drone  
  19  1:46  Drone  
  20  1:56  Queen  
  22  2:02  Roach Warren, Drone  
  22  2:16  Queen  
  22  2:19  Drone  
  22  2:22  Drone  
  26  2:25  Drone  
  26  2:28  Drone  
  28  2:32  Extractor  
  28  2:36  Overlord  
  27  2:47  Drone  
  28  3:02  Drone x3  
  28  3:04  Overlord x2  
  31  3:11  Drone, Evolution Chamber  
  31  3:12  Drone  
  32  3:14  Drone  
  33  3:41  Overlord  
  33  3:43  Zerg Missile Weapons Level 1  
  33  3:44  Roach  
  33  3:45  Roach x6  
  47  3:50  Roach  
  49  3:57  Lair  
  49  4:02  Extractor  
  48  4:08  Drone x4  
  48  4:09  Drone  
  53  4:14  Queen  
  55  4:24  Extractor  
  55  4:27  Drone  
  55  4:28  Drone x3  
  58  4:40  Drone  
  58  4:41  Drone  
  60  5:03  Hatchery  
  59  5:23  Hydralisk Den  
  59  5:27  Drone  
  59  5:37  Zerg Ground Armor Level 1  
  59  5:46  Drone, Overlord x2  
  59  5:47  Overlord x2  
  60  5:54  Grooved Spines  
  60  6:12  Drone  
  60  6:13  Drone x6  
  60  6:15  Queen  
  60  6:18  Drone x4, Extractor  
  72  6:43  Hydralisk x4  
  72  6:44  Hydralisk x6  
  72  6:45  Hydralisk  
  60  7:27  Hydralisk x2  
  60  7:28  Hydralisk x6  
  60  7:29  Hydralisk x6  
  46  8:15  Roach x5  
  46  8:16  Roach x2  
  58  8:32  Extractor  
  49  8:44  Roach x3  
  49  8:45  Roach x2  
  59  8:52  Overlord  
  59  9:01  Overlord x3  
  59  9:02  Overlord x2  
Show
View Real Time Build Order
Export as new Build Order

Nyck Terran 

Build Orders: 2 Factory 

Get SALT Encoding   

  12  0:00  SCV  
  13  0:12  SCV  
  14  0:20  Supply Depot  
  14  0:24  SCV  
  15  0:30  Refinery  
  15  0:42  SCV  
  16  0:45  Barracks  
  16  0:54  SCV  
  17  1:06  SCV  
  18  1:18  SCV  
  19  1:32  SCV  
  20  1:36  Factory  
  20  1:42  Barracks Tech Lab  
  20  1:45  Orbital Command  
  20  1:50  Supply Depot  
  20  2:09  Barracks Reactor  
  20  2:11  SCV  
  21  2:32  SCV  
  22  2:37  Factory  
  22  2:49  Marine x2, Hellion  
  26  2:54  SCV  
  27  3:02  Supply Depot  
  27  3:08  SCV  
  27  3:09  Marine x2  
  30  3:13  Infernal Pre-Igniter  
  30  3:24  Hellion  
  30  3:25  Supply Depot  
  32  3:28  Marine x2  
  32  3:32  Factory Reactor  
  34  3:34  SCV  
  35  3:45  Hellion  
  35  3:46  SCV, Marine x2  
  40  3:49  Supply Depot  
  40  4:05  Marine x2  
  40  4:08  Hellion x2  
  46  4:11  Hellion  
  46  4:12  Supply Depot  
  46  4:14  SCV  
  49  4:26  SCV  
  49  4:30  Marine  
  49  4:31  Marine  
  52  4:32  Hellion  
  52  4:34  Hellion x2  
  58  4:38  SCV  
  58  4:42  Command Center  
  58  4:44  Supply Depot  
  59  4:49  Marine x2  
  61  4:56  Hellion  
  63  5:06  SCV, Hellion  
  66  5:09  Siege Tank  
  69  5:17  Hellion  
  70  5:40  SCV  
  71  5:53  Supply Depot  
  71  5:54  Orbital Command, SCV, Siege Tank  
  75  5:58  Refinery  
  75  6:01  Hellion  
  75  6:02  Hellion  
  79  6:06  SCV  
  80  6:12  Marine x2  
  80  6:18  SCV  
  83  6:22  SCV  
  84  6:42  Marine x2  
  57  7:54  SCV x2  
  43  8:07  Siege Tank  
  43  8:08  Marine x2, Hellion x2  
  47  8:37  Marine x2  
  47  8:39  Siege Tank  
  35  8:58  SCV x2  
  37  9:07  Hellion  
  37  9:08  Hellion, Command Center  
  44  9:19  Barracks Tech Lab  
Tags
 
Add a new tag
Caveats
  • Supply blocks, unpowered buildings, or Contaminate may cause inaccurate times.
  • Supply counts are checked every 10 seconds.